 Dungeon Crawl Stone Soup version 0.26.1-11-gd32895ea62 (webtiles) character file.

Game seed: 12022048134788195563

253 nothank2 the Cudgeller (level 5, -14/45 HPs)
             Began as a Minotaur Fighter on June 25, 2021.
             Demolished by an ogre
             ... wielding a +0 giant spiked club
              (28 damage)
             ... on level 4 of the Dungeon.
             The game lasted 00:03:58 (2678 turns).

nothank2 the Cudgeller (Minotaur Fighter)           Turns: 2678, Time: 00:04:00

Health: -14/45     AC:  6    Str: 22    XL:     5   Next: 90%
Magic:  4/4        EV:  7    Int:  5    God:
Gold:   211        SH:  9    Dex:  9    Spells: 4/4 levels left

rFire    . . .     SeeInvis .   r - +1 whip (freeze)
rCold    . . .     Faith    .   c - +0 kite shield
rNeg     . . .     Spirit   .   b - +0 scale mail
rPois    .         Reflect  .   (helmet restricted)
rElec    .         Harm     .   (no cloak)
rCorr    .         Rampage  .   (no gloves)
Will     .....                  (no boots)
Stlth    ..........             (no amulet)
HPRegen  0.15/turn              e - ring of flight
MPRegen  0.09/turn              (no ring)

@: no status effects
A: retaliatory headbutt, horns 2
a: Evoke Flight


You were on level 4 of the Dungeon.
You visited 1 branch of the dungeon, and saw 4 of its levels.

You collected 211 gold pieces.

Inventory:

Hand Weapons
 a - a +0 flail
 r - a +1 whip of freezing (weapon)
Missiles
 t - 6 datura-tipped darts (quivered)
Armour
 b - a +0 scale mail (worn)
 c - a +0 kite shield (worn)
 u - a scarf of harm
 v - a scarf of resistance
Jewellery
 e - a ring of flight (left hand)
Scrolls
 f - a scroll of enchant weapon {unknown}
 g - 3 scrolls of teleportation {unknown}
 h - a scroll of noise {unknown}
 l - 2 scrolls of remove curse {unknown}
 n - a scroll of amnesia {unknown}
 p - 2 scrolls of identify {unknown}
 s - a scroll of immolation {unknown}
Potions
 d - 2 potions of might
 i - a potion of attraction {unknown}
 j - 2 potions of haste {unknown}
 k - a potion of brilliance {unknown}
 m - 3 potions of flight {unknown}
 o - a potion of curing {unknown}
 q - a potion of resistance {unknown}
 w - a potion of heal wounds {unknown}


   Skills:
 - Level 3.6 Fighting
 + Level 7.5 Maces & Flails
 - Level 3.6 Armour
 - Level 3.6 Shields


You had 4 spell levels left.
You didn't know any spells.
Your spell library was empty.

Dungeon Overview and Level Annotations

Branches:
Dungeon (4/15)
 Temple: D:4-7

Altars:
Okawaru


Innate Abilities, Weirdness & Mutations

You reflexively headbutt those who attack you in melee.
You have a pair of horns on your head.


Message History

The orc wizard is severely wounded.
The ogre barely misses you. The orc wizard closely misses you.
The worker ant bites the ogre.
You hit the orc wizard. You freeze the orc wizard.
You kill the orc wizard!
The ogre barely misses the worker ant.
The worker ant completely misses the ogre.
You closely miss the orc priest. You headbutt the orc priest.
The orc priest is moderately wounded.
The ogre hits you with a +0 giant spiked club!
The worker ant waves its antennae.
The worker ant bites the ogre.
The ogre is poisoned.
The worker ant poisons the ogre!
You hit the orc priest. You freeze the orc priest.
The orc priest is heavily wounded.
The orc priest mumbles some strange prayers to Beogh against you.
Pain shoots through your body!
The ogre hits you with a +0 giant spiked club!!
Ouch! That really hurt!
You die...

#. #.#.|. #
( ..? .. .
.. # ##.#.#.
.# .)..#o##
#.#
#.#.#.Bo##
..
#.....)O@#.#
##..(.†<..#
##.....###
##...##
##.## #. #.
#. ..


You could see a worker ant, an orc priest, an orc and a neutral ogre (fast,
strong, insane, very poisoned).

Vanquished Creatures
  A necrophage (D:2)
  An orc wizard (D:4)
  A worker ant (D:4)
  6 gnolls (D:3)
  An adder (D:3)
  3 worms
  A leopard gecko (D:3)
  An orc (D:4)
  A ball python (D:3)
  8 bats
  2 goblins
  7 hobgoblins
  2 jackals (D:3)
  A quokka (D:3)
  3 frilled lizards (D:2)
  7 kobolds
  3 rats (D:2)
49 creatures vanquished.

Vanquished Creatures (collateral kills)
  An orc (D:4)
1 creature vanquished.

Grand Total: 50 creatures vanquished

Notes
Turn   | Place    | Note
-------+----------+-------------------------------------------
     0 | D:1      | nothank2 the Minotaur Fighter began the quest for the Orb.
     0 | D:1      | Reached XP level 1. HP: 19/19 MP: 0/0
   385 | D:1      | Reached skill level 3 in Maces & Flails
   475 | D:1      | Reached XP level 2. HP: 26/26 MP: 1/1
   849 | D:2      | Reached skill level 4 in Maces & Flails
   948 | D:2      | Reached XP level 3. HP: 30/31 MP: 2/2
  1034 | D:2      | Noticed a necrophage
  1045 | D:2      | Killed a necrophage
  1046 | D:2      | Reached skill level 6 in Maces & Flails
  1046 | D:2      | Reached XP level 4. HP: 30/39 MP: 3/3
  1158 | D:2      | Found a faded altar of an unknown god.
  1582 | D:3      | Reached XP level 5. HP: 11/45 MP: 4/4
  2272 | D:3      | Reached skill level 7 in Maces & Flails
  2476 | D:3      | Found an iron altar of Okawaru.
  2665 | D:4      | Noticed an ogre
  2678 | D:4      | Demolished by an ogre

Illustrated notes

Levels and vault maps discovered:
D:1:      ncdulo_smallfort, layout_basic, chequers_serial_rivers_room_b
D:2:      layout_rooms, chequers_ecumenical_altar_grove, serial_bayou_pond_e,
          minmay_misc_feat_alley
D:3:      layout_rooms, okawaru_ov_weapons_minmay
D:4:      layout_loops_ring, portal_sewer_entry_f, serial_shops,
          nicolae_shop_competitors_out_of_business, minmay_surrounded

Skill      XL: |  1  2  3  4  5 |
---------------+----------------+-----
Maces & Flails | 3 4 6 7 |  7.5
Fighting       | |  3.6
Armour         | |  3.6
Shields        | |  3.6

Action                   |  1- 3 |  4- 6 || total
-------------------------+-------+-------++-------
Melee: Flail             |    44 |       ||    44
       Headbutt          |     9 |    16 ||    25
       Whip              |     9 |    88 ||    97
Throw: Dart              |       |     1 ||     1
Armor: Scale mail        |    28 |    16 ||    44
Dodge: Dodged            |    21 |    26 ||    47
Block: Kite shield       |    39 |    32 ||    71
